 Dungeon Crawl Stone Soup version 0.27.0-1-g7a089689b8 (webtiles) character file.

Game seed: 9213756550347227470

19 sanka the Ducker (level 2, 0/14 HPs)
             Began as a Felid Abyssal Knight on Aug 9, 2021.
             Was an Initiate of Lugonu.
             Succumbed to an adder's poison
             ... on level 2 of the Dungeon.
             The game lasted 00:00:55 (922 turns).

sanka the Ducker (Felid Abyssal Knight)              Turns: 922, Time: 00:00:55

Health: 0/14       AC:  1    Str:  8    XL:     2   Next: 55%
Magic:  4/4        EV: 18    Int: 13    God:    Lugonu [......]
Gold:   41         SH:  0    Dex: 15    Spells: 1/1 levels left
                                        Lives:  0   Deaths: 0

rFire    . . .     SeeInvis +     - Unarmed
rCold    . . .     Faith    .   (shield unavailable)
rNeg     . . .     Spirit   .   (armour unavailable)
rPois    .         Reflect  .   (helmet unavailable)
rElec    .         Harm     .   (cloak unavailable)
rCorr    .         Rampage  .   (gloves unavailable)
Will     .....                  (boots unavailable)
Stlth    +.........             (no amulet)
HPRegen  0.04/turn              (no ring)
MPRegen  0.09/turn              (no ring)

@: lethally poisoned (0 -> -4), quick
A: very small, claws 1, fangs 3, see invisible, speed 1, shaggy fur 1, stealthy
paws, no weapons or thrown items, no armour, multi-lived
a: Renounce Religion


You were on level 2 of the Dungeon.
You worshipped Lugonu.
Lugonu was noncommittal.
You visited 1 branch of the dungeon, and saw 2 of its levels.
You visited the Abyss 1 time.

You collected 41 gold pieces.


Innate Abilities, Weirdness & Mutations

You have sharp claws.
You have razor-sharp teeth.
You have supernaturally acute eyesight. (SInv)
You cover ground quickly. (Speed+)
You are covered in fur. (AC +1)
Your paws help you pounce on unaware monsters.
You are incapable of wielding weapons or throwing items.
You cannot wear armour.
You gain extra lives every three experience levels.


   Skills:
 - Level 3.0 Fighting
 - Level 4.0 Dodging
 + Level 2.6 Unarmed Combat
 - Level 1.7 Invocations


You had one spell level left.
You didn't know any spells.
Your spell library was empty.

Inventory:

Scrolls
 a - a scroll of immolation {unknown}
Potions
 b - a potion of curing {unknown}
 c - a potion of berserk rage {unknown}

Dungeon Overview and Level Annotations

Branches:
Dungeon (1/15)

Altars:

▒..▒ ▒..▒ ..▒ ▒▒+▒ ...
▒▒...▒▒ ▒.▒ ▒▒.....▒▒ ▒.▒
▒▒.......▒▒ ▒▒.▒▒
▒.........▒▒▒▒...▒▒▒▒▒▒▒▒▒.
+.........h†rg......g......
▒.........▒▒▒▒.........▒▒▒▒
▒.......▒▒ ▒▒.▒▒▒▒▒▒.....
▒▒.....▒▒ ▒.▒ ▒..▒▒▒
▒▒...▒▒ ▒.. ▒..▒ ▒▒'▒▒ ▒.▒▒
▒... ▒.▒▒▒ ▒.. ....▒
▒▒▒▒▒...▒▒ ▒▒▒ ▒▒.g▒
▒▒▒▒........▒ ...


You could see a goblin and a rat.


Message History

You kill the jackal!
Lugonu accepts your kill. The adder closely misses you.
Training target 4.0 for Dodging reached!
Your Dodging skill increases to level 4!
You scratch the adder. You bite the adder, but do no damage.
The adder is heavily wounded.
The adder completely misses you.
You scratch the adder.
The adder is severely wounded.
The adder misses you.
You closely miss the adder.
The adder is severely wounded.
The adder bites you.
* * * LOW HITPOINT WARNING * * *
You are lethally poisoned!
The adder poisons you!
You scratch the adder.
The adder is almost dead.
* * * LOW HITPOINT WARNING * * *
You feel sick. The adder bites you.
* * * LOW HITPOINT WARNING * * *
The adder barely misses you.
Unknown command.
You scratch the adder.
You kill the adder!
Lugonu accepts your kill.
You die...

Action                   || total
-------------------------++-------
Melee: Unarmed           ||    42
       Bite              ||     6
       Punch             ||     1
Invok: Depart the Abyss  ||     1
 Stab: Sleeping          ||     1
Armor: Skin              ||     2
Dodge: Dodged            ||    36

Levels and vault maps discovered:
D:1:      sevenhm_arrival_forest_fort_small_3, layout_rooms,
          minmay_misc_feat_cross, minmay_octomino_e4
D:2:      layout_loops_corners, uniq_robin

Notes
Turn   | Place    | Note
-------+----------+-------------------------------------------
     0 | Abyss:1  | sanka the Felid Abyssal Knight began the quest for the Orb.
     0 | Abyss:1  | Reached XP level 1. HP: 10/10 MP: 3/3
    18 | Abyss:1  | Noticed a large abomination
    41 | Abyss:1  | Noticed a fire bat
    41 | Abyss:1  | Noticed a fire bat
    44 | Abyss:1  | HP: 1/10 [fire bat (5)]
    45 | D:1      | Escaped the Abyss
   541 | D:1      | Reached XP level 2. HP: 7/14 MP: 4/4
   918 | D:2      | Reached skill level 4 in Dodging
   921 | D:2      | HP: 1/14 [adder (2)]
   922 | D:2      | Succumbed to an adder's poison

Vanquished Creatures
  A gnoll (D:1)
  An adder (D:2)
  2 endoplasms
  4 jackals (D:2)
  2 ball pythons (D:1)
10 creatures vanquished.
